 Dungeon Crawl Stone Soup version 0.31-a0-844-gdc52ec4e09 (webtiles) character file.

Game seed: 12187238819202044964

6 Pixllover the Trooper (level 1, 0/14 HPs)
             Began as a Gargoyle Berserker on Sept 28, 2023.
             Was a Follower of Trog.
             Slain by a jackal (1 damage)
             ... on level 1 of the Dungeon.
             The game lasted 00:00:43 (179 turns).

Pixllover the Trooper (Gargoyle Berserker)           Turns: 179, Time: 00:00:44

Health: 0/14       AC:  4    Str: 20    XL:     1   Next: 90%
Magic:  1/1        EV: 11    Int:  7    God:    Trog [*.....]
Gold:   27         SH:  0    Dex:  9    Spells: 0/0 levels left

rFire   . . .        f - +0 flail
rCold   . . .        (no shield)
rNeg    + . .        b - +0 animal skin
rPois   ∞            (no helmet)
rElec   +            (no cloak)
rCorr   .            (no gloves)
SInv    .            (no boots)
Will    .....        (no amulet)
Stlth   +            (no ring)
HPRegen 0.22/turn    (no ring)
MPRegen 0.07/turn

%: no passive effects
@: brilliant
A: sickness immunity, AC +2, negative energy resistance 1, electricity
resistance, torment resistance 1, petrification resistance
a: Renounce Religion, Berserk


You were on level 1 of the Dungeon.
You worshipped Trog.
Trog was aware of your devotion.
You visited 1 branch of the dungeon, and saw 1 of its levels.

You collected 27 gold pieces.

Inventory:

Hand Weapons
 f - a +0 flail (weapon)
Missiles
 e - 5 poisoned darts (quivered)
Armour
 b - a +0 animal skin (worn)
Scrolls
 d - a scroll of fog {unknown}
Potions
 c - a potion of enlightenment {unknown}


   Skills:
 + Level 3.4 Fighting
 + Level 2.9 Axes
 + Level 2.2 Armour
 + Level 1.6 Dodging


You couldn't memorise any spells.
You didn't know any spells.
Your spell library was empty.

Dungeon Overview and Level Annotations

Branches:
Dungeon (1/15)

Altars:


Innate Abilities, Weirdness & Mutations

You are immune to sickness and miasma.
Your stone body is resilient. (AC +2)
You are immune to poison.
You resist negative energy. (rN+)
You are resistant to electric shocks. (rElec)
You are resistant to unholy torment.
You are immune to petrification.


Message History

You hear an angry hiss.
A jackal comes into view.
The goblin closely misses you. The goblin hits you with a +0 dagger.
You hit the goblin.
The goblin is moderately wounded.
The goblin hits you with a +0 dagger.
You closely miss the goblin.
The goblin is moderately wounded.
The goblin hits you but does no damage.
You closely miss the goblin.
The goblin is moderately wounded.
A jackal comes into view.
The goblin closely misses you. The goblin barely misses you.
The jackal moves out of view.
You barely miss the goblin.
The goblin is moderately wounded.
A jackal comes into view.
The jackal barely misses you. The goblin hits you with a +0 dagger.
The jackal bites you.
The jackal barks! x2
You hit the goblin but do no damage.
The goblin is moderately wounded.
The jackal barely misses you. The jackal bites you.
The goblin closely misses you. The jackal bites you.
You closely miss the goblin.
The goblin is moderately wounded.
The jackal bites you.
* * * LOW HITPOINT WARNING * * *
The goblin closely misses you.
The jackal bites you but does no damage. x2
The goblin hits you with a +0 dagger.
* * * LOW HITPOINT WARNING * * *
It was a potion of brilliance.
You feel clever all of a sudden.
The jackal bites you but does no damage.
The jackal closely misses you.
The jackal bites you but does no damage.
The jackal bites you.
You die...

#...# ...# # ## .
...# .####.. ..
#..##.......# .#.
#.....#
#..#####....h
###...#.##
#.g@hhh....#
#....# ..#
####.h##..##
..†..# #.#
#..........#
.###.#
#.####.##.####...#
.#
#>###.#....##...
.# .#
#.##....#####.###
.# #.#..#....# ..#
.# #...#####.....(
.# #.### ..####


You could see 4 jackals and a goblin.

Vanquished Creatures
  A ball python (D:1)
  An endoplasm (D:1)
  2 goblins (D:1)
  2 rats (D:1)
6 creatures vanquished.

Notes
Turn   | Place    | Note
-------+----------+-------------------------------------------
     0 | D:1      | Pixllover the Gargoyle Berserker began the quest for the
                  | Orb.
     0 | D:1      | Reached XP level 1. HP: 14/14 MP: 1/1
   179 | D:1      | Slain by a jackal

Illustrated notes

Levels and vault maps discovered:
D:1:      minmay_arrival_stair_chambers, layout_rooms, serial_shops, shop,
          amcnicky_mini_corridor_feature, minmay_misc_feat_pillars

Action                     || total
---------------------------++-------
  Melee: Hand axe          ||    11
         Flail             ||     9
    Use: Potion            ||     1
 Armour: Animal skin       ||    18
  Dodge: Dodged            ||    19

Table legend: (Time is in decaauts)
 A = Elapsed time spent in this place.
 B = Non-inter-level travel time spent in this place.
 C = Inter-level travel time spent in this place.
 D = Time resting spent in this place.
 E = Time spent auto-exploring this place.
 F = Levels seen in this place.
 G = Mean time per level.
                   A        B        C        D        E       F      G
               +--------+--------+--------+--------+--------+-----+--------+
         Total |    183 |    183 |      0 |     41 |     12 |   1 |  183.0 |
       Dungeon |    183 |    183 |      0 |     41 |     12 |   1 |  183.0 |
               +--------+--------+--------+--------+--------+-----+--------+

Top non-repeatable levels by time:
     D:1: 183 daAuts
